AoeStats
← Sinople

Arabia

507132768Analyzed
2v2 RM · 16d ago on Sep 16, 2026· 78m 32s· 4 players
Game mode
Random Map
Map size
Medium (4 player)
Population
200
Speed
Normal
Resources
Standard
Victory
Conquest
Starting age
Dark Age
Ending age
Imperial Age
RankedLock teamsTeams togetherTeam positionsShared explorationLock speedFull tech treeHidden civsTurbo modeCheats
Victory
Defeat
🇫🇷 Britons · France
1183
+12
🇫🇷 Burgundians · France
1031
+18
🇺🇸 Khmer · United States
1092
-15
🇺🇸 Spanish · United States
1091
-15
RAM HIS ASS
6:08 Loom
8:59 Feudal Age
10:07 Double-Bit Axe
16:14 Scale Barding Armor
16:03 Horse Collar
21:04 Castle Age
19:42 Gold Mining
21:45 Bloodlines
21:55 Bow Saw
22:21 Gold Shaft Mining
22:46 Husbandry
25:11 Heavy Plow
25:54 Chain Barding Armor
27:21 Forging
35:32 Iron Casting
45:03 Ballistics
51:09 Imperial Age
51:38 Fletching
51:49 Padded Archer Armor
52:59 Elite Skirmisher
53:36 Bodkin Arrow
53:57 Leather Archer Armor
53:51 Murder Holes
54:57 Chemistry
54:52 Bracer
56:25 Wheelbarrow
56:34 Ring Archer Armor
Doorbell
9:38 Feudal Age
11:04 Loom
21:50 Castle Age
20:37 Stone Mining
21:33 Horse Collar
21:47 Double-Bit Axe
23:00 Padded Archer Armor
24:54 Bow Saw
29:38 Leather Archer Armor
31:27 Light Cavalry
32:01 Fletching
33:08 Scale Barding Armor
33:55 Wheelbarrow
34:29 Bodkin Arrow
36:43 Chain Barding Armor
37:57 Husbandry
38:28 Hand Cart
39:10 Forging
39:12 Bloodlines
41:40 Heavy Plow
41:38 Gold Mining
42:26 Stone Shaft Mining
47:25 Imperial Age
48:43 Cavalier
50:16 Paladin
50:46 Paladin
55:01 Plate Barding Armor
55:03 Iron Casting
Le Duc Maximilien 1er
6:04 Loom
8:56 Feudal Age
10:04 Double-Bit Axe
11:25 Town Watch
18:00 Fletching
24:08 Castle Age
23:31 Padded Archer Armor
23:46 Gold Mining
23:38 Horse Collar
24:50 Bodkin Arrow
24:16 Crossbowman
25:42 Bow Saw
26:02 Leather Archer Armor
28:11 Ballistics
35:55 Wheelbarrow
36:08 Gold Shaft Mining
35:25 Stone Mining
38:19 Hand Cart
41:48 Imperial Age
41:02 Yeomen
40:55 Masonry
42:08 Arbalester
42:50 Bracer
43:31 Ring Archer Armor
44:03 Chemistry
43:27 Conscription
44:47 Architecture
44:26 Siege Engineers
48:21 Architecture
47:31 Treadmill Crane
47:47 Murder Holes
50:08 Scale Barding Armor
49:43 Light Cavalry
50:48 Husbandry
52:24 Chain Barding Armor
52:59 Warwolf
55:06 Plate Barding Armor
56:04 Forging
63:44 Iron Casting
64:26 Hoardings
67:05 Caravan
69:37 Blast Furnace
71:23 Scale Mail Armor
70:45 Pikeman
71:20 Halberdier
72:21 Chain Mail Armor
73:09 Squires
73:40 Plate Mail Armor
75:38 Man-at-Arms
Sinople
3:44 Double-Bit Axe
6:09 Loom
10:41 Feudal Age
12:01 Bow Saw
14:08 Horse Collar
21:32 Castle Age
21:23 Scale Barding Armor
21:29 Forging
21:27 Heavy Plow
23:51 Cavalier
25:09 Iron Casting
26:13 Wheelbarrow
29:19 Two-Man Saw
28:55 Crop Rotation
44:05 Pikeman
47:19 Scale Mail Armor
47:43 Husbandry
49:26 Squires
53:01 Chain Barding Armor
52:57 Burgundian Vineyards
61:06 Imperial Age
61:14 Chain Mail Armor
61:23 Paladin
63:32 Plate Barding Armor
66:34 Blast Furnace
67:31 Halberdier
68:46 Plate Mail Armor
71:04 Chemistry
Connection lost

Rejoining the realm…

Still unreachable

The connection could not be restored.

Session expired

The server has moved on; the page needs a fresh start.